 Adventure DCSS version bcrawl-1.23.1-30-gcf7fa35852 (webtiles) character file.

Game seed: 8530771414258661398

159031 diana the Tortoise (level 17, -1/120 HPs)
             Began as a Demonspawn Gladiator on May 28, 2020.
             Was the Champion of Okawaru.
             Succumbed to a naga ritualist's toxic radiance
             ... on level 2 of the Snake Pit.
             The game lasted 00:51:13 (27924 turns).

diana the Tortoise (Demonspawn Gladiator)          Turns: 27924, Time: 00:51:13

Health: -1/120     AC: 38    Str: 20    XL:     17   Next: 15%
Magic:  21/23      EV: 15    Int: 14    God:    Okawaru [******]
Gold:   2142       SH:  3    Dex: 20    Spells: 16/16 levels left
                                        Lives:  0   Deaths: 2

rFire    + + .     SeeInvis .   U - +9 lajatang "Ilocinea" {venom, Int+4 Dex+4}
rCold    + . .     Gourm    .   (shield currently unavailable)
rNeg     . . .     Faith    .   V - +1 crystal plate armour
rPois    .         Spirit   .   W - +1 hat {MR+}
rElec    +         Reflect  +   r - scarf {rC+ rF+}
rCorr    +         Harm     .   G - +1 pair of gloves {archery}
MR       ++...                  Q - +0 pair of boots of Context {rElec rPois rF+} (curse)
Stlth    ..........             K - +3 amulet of reflection
HPRegen  0.30/turn              i - ring of resist corrosion
MPRegen  0.18/turn              O - +3 ring of slaying

@: lethally poisoned (-1 -> -14), heroism, finesse, poison vulnerable, very
slightly contaminated
A: hooves 1, iridescent scales 2, demonic guardian 2, spiny 3
a: Heroism, Finesse, Renounce Religion


You were on level 2 of the Snake Pit.
You worshipped Okawaru.
Okawaru was exalted by your worship.
You were hungry.

You visited 6 branches of the dungeon, and saw 24 of its levels.
You also visited: Bailey.

You collected 2427 gold pieces.
You spent 285 gold pieces at shops.

Inventory:

Hand Weapons
 N - the +1 quarterstaff "Terot" {flame, rPois rF++ rC++}
   (Okawaru gifted it to you on level 2 of the Snake Pit)

   It has been specially enchanted to burn those struck by it, causing extra
   injury to most foes and up to half again as much damage against particularly
   susceptible opponents.
   It greatly protects you from fire.
   It greatly protects you from cold.
   It protects you from poison.
 U - the +9 lajatang "Ilocinea" (weapon) {venom, Int+4 Dex+4}
   (Okawaru gifted it to you on level 2 of the Lair of Beasts)

   It poisons the flesh of those it strikes.
   It affects your intelligence (+4).
   It affects your dexterity (+4).
Missiles
 d - 7 throwing nets (quivered) {!f}
 y - 371 javelins
Armour
 r - a scarf of resistance (worn)
 G - a +1 pair of gloves of archery (worn)
 H - the +0 crystal plate armour "Kemibiv" {rF++ rCorr Slay+2, unknown}
   (Okawaru gifted it to you on level 3 of the Snake Pit)

   It affects your accuracy and damage with ranged weapons and melee attacks
   (+2).
   It greatly protects you from fire.
   It provides partial protection from all sources of acid and corrosion.
 Q - the cursed +0 pair of boots of Context (worn) {rElec rPois rF+}
   (You bought it in a shop on level 1 of the Snake Pit)

   It protects you from fire.
   It insulates you from electricity.
   It protects you from poison.
   It has a curse placed upon it.
 V - a +1 crystal plate armour (worn)
 W - a +1 hat of magic resistance (worn)
Jewellery
 i - a ring of resist corrosion (left hand)
 l - the necklace of Bloodlust {*Rage +Rage MR++ Int-3 Slay+6 *Curse}
   (You found it on level 4 of the Dungeon)

   [amulet of rage]

   It affects your intelligence (-3).
   It affects your accuracy and damage with ranged weapons and melee attacks
   (+6).
   It affects your resistance to hostile enchantments.
   It lets you go berserk.
   It may make you go berserk in combat.
   It curses itself when equipped.
 K - a +3 amulet of reflection (around neck)
 O - a +3 ring of slaying (right hand)
Wands
 q - a wand of clouds (6)
 L - a wand of disintegration (28)
 M - a wand of acid (10)
 P - a wand of flame (24)
 T - a wand of digging (9)
 Y - a wand of iceblast (12)
Scrolls
 a - a scroll of acquirement
 b - a scroll of fear
 c - 4 scrolls of amnesia
 f - a scroll of summoning
 g - 9 scrolls of enchant armour
 h - 13 scrolls of teleportation
 j - 4 scrolls of enchant weapon
 n - a scroll of silence
 o - 2 scrolls of fog
 w - 3 scrolls of blinking
 C - 7 scrolls of remove curse
 I - a scroll of vulnerability
 S - a scroll of brand weapon
 Z - 2 scrolls of magic mapping
Potions
 k - 2 potions of cancellation {unknown}
 m - 2 potions of degeneration {unknown}
 p - 2 potions of might
 s - a potion of brilliance {unknown}
 t - 2 potions of haste {unknown}
 u - 6 potions of curing
 v - 3 potions of agility
 z - 5 potions of flight
 A - 2 potions of resistance {unknown}
 B - 4 potions of lignification
 D - a potion of invisibility {unknown}
 E - 3 potions of ambrosia {unknown}
 F - 2 potions of mutation
 R - 2 potions of magic {unknown}
Miscellaneous
 J - a lightning rod (4/4)
 X - a phial of floods
Comestibles
 e - 55 rations {!d}


   Skills:
 - Level 7.2(12.2) Fighting
 - Level 16.0(21.0) Staves
 - Level 1.7(6.7) Throwing
 + Level 16.9(21.9) Armour
 + Level 14.2(19.2) Dodging
 - Level 9.2 Invocations


You had 16 spell levels left.
You didn't know any spells.
Your spell library contained the following spells:

 Spells                   Type           Power        Failure   Level  Hunger
 Throw Frost              Conj/Ice       #.....       97%         2    ###....
 Flame Tongue             Conj/Fire      #....        99%         1    ##.....
 Freeze                   Ice            #.....       99%         1    ##.....
 Shock                    Conj/Air       #....        99%         1    ##.....
 Sting                    Conj/Pois      #...         99%         1    ##.....
 Summon Small Mammal      Summ           #...         99%         1    ##.....
 Call Imp                 Summ           #.....       100%        2    ###....
 Flaming Arrows           Chrm/Fire      #.......     100%        2    ###....
 Poisonous Vapours        Pois/Air       #.....       100%        2    ###....
 Swiftness                Chrm/Air       #.......     100%        2    ###....
 Call Canine Familiar     Summ           #.......     100%        3    ####...
 Conjure Flame            Conj/Fire      #.......     100%        3    ####...
 Ignite Poison            Fire/Tmut/Pois #.......     100%        3    ####...
 Inner Flame              Hex/Fire       N/A          100%        3    ####...
 Ozocubu's Armour         Chrm/Ice       #.......     100%        3    ####...
 Static Discharge         Air            #.......     100%        3    ####...
 Airstrike                Air            #.........   100%        4    #####..
 Ice Form                 Ice/Tmut       #.......     100%        4    #####..
 Olgreb's Toxic Radiance  Pois           #........    100%        4    #####..
 Sticky Flame             Conj/Fire      #.......     100%        4    #####..
 Summon Ice Beast         Ice/Summ       #.......     100%        4    #####..
 Summon Scorpions         Summ/Pois      #.......     100%        4    #####..
 Throw Icicle             Conj/Ice       #.......     100%        4    #####..
 Fireball                 Conj/Fire      #.........   100%        5    ######.
 Iskenderun's Battlesphe  Conj/Chrm      #.......     100%        5    ######.
 Lightning Bolt           Conj/Air       #.........   100%        5    ######.
 Metabolic Englaciation   Hex/Ice        #.........   100%        5    ######.
 Summon Lightning Spire   Summ/Air       #.......     100%        5    ######.
 Venom Bolt               Conj/Pois      #.........   100%        5    ######.
 Bolt of Cold             Conj/Ice       #.........   100%        6    #######
 Freezing Cloud           Ice/Air        #.........   100%        6    #######
 Iron Shot                Conj/Erth      #.........   100%        6    #######
 Ozocubu's Refrigeration  Ice            #.........   100%        6    #######
 Poison Arrow             Conj/Pois      #.........   100%        6    #######
 Simulacrum               Ice/Necr       #.........   100%        6    #######
 Orb of Destruction       Conj           #.........   100%        7    #######
 Spellforged Servitor     Conj/Summ      #.........   100%        7    #######


Dungeon Overview and Level Annotations

Branches:
Dungeon (12/12)            Temple (1/1) D:6            Lair (6/6) D:7
 Shoals (0/3) Lair:3        Snake (3/3) Lair:3        Slime (0/5) Lair:5
    Orc (1/1) D:11            Elf (1/3) Orc          Vaults (0/3) D:12
 Depths (0/5) D:12

Altars:
Ashenzari
Cheibriados
Dithmenos
Elyvilon
Fedhas
Gozag
Hepliaklqana
Kikubaaqudgha
Lugonu
Makhleb
Nemelex Xobeh
Okawaru
Qazlal
Ru
Sif Muna
Trog
Uskayaw
Vehumet
Wu Jian
Xom
Yredelemnul
Zin
The Shining One
Jiyva

Shops:
D:7 (   D:10 (   Orc =[(*   Snake:1 [

Annotations:
D:2 1 runed door
Lair:3 exclusion: 4 oklob plants


Innate Abilities, Weirdness & Mutations

You have large cloven feet.
You are mostly covered in iridescent scales. (AC +4)
A demonic guardian rushes to your aid.
You are completely covered in sharp spines.


Message History

You feel sick.
The naga mage shouts!
The naga ritualist looks more healthy.
You are more poisoned.
You kill the salamander!
Okawaru accepts your kill.
The naga mage gestures at you while chanting.
The bolt of poison misses you.
You feel sick.
You are more poisoned.
You climb upwards.
You feel sick.
There is a stone staircase leading down here.
You slice the naga ritualist!!
The naga ritualist is almost dead.
You are more poisoned.
The naga ritualist points at you and mumbles some strange words.
The lance of force hits you!
* * * LOW HITPOINT WARNING * * *
You are knocked back by the lance of force.
You die...

..#..#.........#...###
#.#.##........##...#.#
###.#..........#....##
....#..........#....#
....##..##..####....#
.....########.....(.#
...................##
...................#
..............N>@..#
...................#
...................#
...................##
....................#
....................#
#####..............##
#...''###..........#
........#..........#


You could see a naga ritualist.

Vanquished Creatures
  Jorgrun (Snake:3)
  4 nagarajas
  2 orc warlords (Orc)
  Aizul (Snake:2)
  Nessos (D:12)
  A dire elephant (Lair:2)
  An ettin (D:12)
  Fannar (Lair:2)
  A rakshasa (Snake:1)
  3 hydras
  3 vault guards (D:12)
  17 naga warriors
  Erica (D:10)
  2 centaur warriors
  4 catoblepae
  An alligator (Lair:5)
  9 anacondas
  5 two-headed ogres
  A tengu warrior (D:12)
  12 death yaks
  2 orc high priests (Orc)
  10 naga sharpshooters
  3 shock serpents
  Nergalle (Lair:2)
  3 deep elf knights (Elf:1)
  2 salamander mystics (Snake:3)
  A hell knight (D:12)
  6 naga ritualists
  2 unseen horrors (D:12)
  2 lindwurms (Lair:2)
  3 deep elf archers
  3 cyclopes
  4 orc knights (Orc)
  4 mana vipers
  A wolf spider (D:12)
  8 ugly things
  8 deep elf magi (Elf:1)
  4 orc sorcerers (Orc)
  4 manticores
  19 elephants
  11 salamanders
  A merfolk siren (Lair:3)
  2 torpor snails
  28 black mambas
  3 guardian serpents
  17 naga magi
  2 gargoyles (D:12)
  12 cane toads
  6 rime drakes
  5 yaktaurs (D:9)
  An efreet (D:12)
  A freezing wraith (D:12)
  A kobold demonologist (D:11)
  7 komodo dragons
  3 merfolk (Lair:3)
  A queen bee (Lair:3)
  4 trolls
  6 tyrant leeches (Lair:6)
  A jumping spider (shapeshifter) (D:12)
  3 meliai (D:12)
  A hornet (D:8)
  Prince Ribbit (D:9)
  17 hippogriffs
  4 dream sheep (Lair:4)
  Sigmund (D:4)
  56 yaks
  17 wyverns
  4 hogs (D:7)
  A fire elemental (Elf:1)
  9 humans
  2 vampire mosquitoes (D:12)
  9 basilisks
  4 hungry ghosts
  A warg (Orc)
  27 nagas
  Edmund (D:3)
  5 swamp worms (Lair:6)
  A soldier ant (D:11)
  2 acid dragons
  18 crocodiles
  8 water moccasins
  4 porcupines
  42 orc warriors
  A black bear (D:10)
  2 phantoms
  An eye of draining (D:11)
  4 ice beasts
  4 sky beasts
  A necrophage (D:8)
  8 ogres
  11 wolves (Lair:3)
  16 centaurs
  2 big kobolds (D:11)
  Blork the orc (D:4)
  6 bullfrogs
  A wyvern zombie (D:9)
  6 scorpions
  37 killer bees
  8 wights
  2 vampire bats (D:6)
  4 howler monkeys
  5 crimson imps
  8 orc priests (Orc)
  3 quasits
  2 bullfrog zombies
  3 centaur zombies
  10 jellies
  A gnoll shaman (D:5)
  7 hounds
  4 bullfrog skeletons
  4 centaur skeletons
  8 iguanas
  11 orc wizards
  3 hell rats (Lair:3)
  13 worker ants
  A hound skeleton (D:6)
  A howler monkey skeleton (D:9)
  3 worker ant zombies
  4 gnolls (D:5)
  8 adders
  8 river rats (Lair:3)
  4 shadow imps
  6 oozes
  3 adder skeletons
  3 worms
  2 dart slugs
  9 leopard geckos
  66 orcs
  A bat (D:1)
  2 bat skeletons (D:6)
  3 bat zombies (D:6)
  3 giant cockroaches
  5 hobgoblins
  9 jackals
  11 kobolds
  2 quokkas
  3 ball pythons
  2 frilled lizards
  6 goblins
  5 rats
  2 plants
880 creatures vanquished.

Vanquished Creatures (collateral kills)
  A naga sharpshooter (Snake:3)
  Pikel (D:4)
  2 black mambas (Snake:3)
  A naga mage (Snake:3)
  A cane toad (Lair:5)
  2 hippogriffs
  A yak (Lair:4)
  Menkaure (D:6)
  2 nagas (Snake:3)
  A crocodile (Lair:3)
  A water moccasin (D:10)
  An ogre (D:8)
  A scorpion (D:4)
  A killer bee (D:8)
  A crimson imp (D:4)
  A hound (D:3)
  A centaur skeleton (D:4)
  A jelly (D:4)
  A hell rat (Lair:3)
  An adder (D:5)
  An ooze (Lair:5)
  2 orcs (D:4)
  A hobgoblin (D:10)
27 creatures vanquished.

Vanquished Creatures (others)
  A deep elf knight (Elf:1)
  2 yaks (Lair:5)
  A human (D:12)
  An orc wizard (Orc)
  A bush (Lair:6)
  24 fungi
  10 plants
  10 toadstools (Lair:2)
50 creatures vanquished.

Grand Total: 957 creatures vanquished

Notes
Turn   | Place    | Note
-------+----------+-------------------------------------------
     0 | D:1      | diana the Demonspawn Gladiator began the quest for the Orb.
     0 | D:1      | Reached XP level 1. HP: 16/16 MP: 1/1
   298 | D:1      | Gained mutation: A weak demonic guardian rushes to your
                  | aid. [demonic ancestry]
   298 | D:1      | Reached XP level 2. HP: 22/22 MP: 2/2
   442 | D:1      | Reached skill level 1 in Armour
   757 | D:2      | Gained mutation: You are partially covered in sharp spines.
                  | [demonic ancestry]
   757 | D:2      | Reached XP level 3. HP: 14/27 MP: 3/3
  1031 | D:2      | Found a shattered altar of Ashenzari.
  1563 | D:2      | Reached XP level 4. HP: 33/33 MP: 4/4
  1647 | D:2      | Found a runed door.
  1694 | D:3      | Found a bloodstained altar of Trog.
  2051 | D:4      | Identified the +10 short sword "Daguwn" {drain, rC+ MR+
                  | Str+2 Dex-5}
  2057 | D:3      | Reached XP level 5. HP: 24/38 MP: 5/5
  2318 | D:4      | Noticed a slave
  2318 | D:4      | Noticed a slave
  2318 | D:4      | Noticed a slave
  2319 | D:4      | Noticed Pikel
  2381 | D:3      | Gained mutation: You are mostly covered in sharp spines.
                  | [demonic ancestry]
  2381 | D:3      | Reached XP level 6. HP: 35/44 MP: 6/6
  2447 | D:4      | Noticed Edmund
  2463 | D:3      | Killed Edmund
  2463 | D:3      | Reached skill level 5 in Armour
  2468 | D:4      | Noticed Sigmund
  2470 | D:4      | Noticed Blork the orc
  2480 | D:4      | Killed Blork the orc
  2480 | D:4      | Gained mutation: You are partially covered in iridescent
                  | scales. (AC +2) [demonic ancestry]
  2480 | D:4      | Reached XP level 7. HP: 43/50 MP: 7/7
  2486 | D:4      | Killed Sigmund
  2486 | D:4      | Reached skill level 5 in Staves
  2651 | D:4      | Found the cursed necklace of Bloodlust {*Rage +Rage MR++
                  | Int-3 Slay+6 *Curse}
  2727 | D:4      | Killed Pikel
  2727 | D:4      | Gained mutation: You are completely covered in sharp
                  | spines. [demonic ancestry]
  2727 | D:4      | Reached XP level 8. HP: 44/56 MP: 8/8
  2945 | D:5      | Entered Level 5 of the Dungeon
  3230 | D:5      | Got a fading ring mail
  3241 | D:5      | Identified the cursed +0 ring mail of Fanaticism {rCorr}
                  | (You found it on level 5 of the Dungeon)
  3453 | D:5      | Gained mutation: You have large cloven feet. [demonic
                  | ancestry]
  3453 | D:5      | Reached XP level 9. HP: 51/61 MP: 9/9
  3821 | D:6      | Found a staircase to the Ecumenical Temple.
  3848 | D:6      | Got a crude hand axe
  3854 | Temple   | Entered the Ecumenical Temple
  4171 | Temple   | Became a worshipper of Warmaster Okawaru
  4310 | D:6      | Identified the +6 hand axe "Fish" {drain, Stlth+} (You
                  | found it on level 6 of the Dungeon)
  4333 | D:6      | Noticed Menkaure
  4339 | D:6      | Killed Menkaure
  4588 | D:6      | Found a shattered altar of Ashenzari.
  4678 | D:6      | Found an ancient bone altar of Kikubaaqudgha.
  5042 | D:7      | Reached * piety under Okawaru
  5048 | D:7      | Found Lathif's Antique Weapon Shoppe.
  5073 | D:7      | Found a basalt altar of Yredelemnul.
  5076 | D:7      | Noticed a purple ugly thing
  5084 | D:7      | Killed a purple ugly thing
  5084 | D:7      | Reached skill level 10 in Armour
  5099 | D:7      | Found a staircase to the Lair.
  5101 | D:7      | Reached ** piety under Okawaru
  5101 | D:7      | Noticed an elephant
  5103 | D:7      | Gained mutation: You are mostly covered in iridescent
                  | scales. (AC +4) [demonic ancestry]
  5103 | D:7      | Reached XP level 10. HP: 73/73 MP: 10/10
  5114 | D:7      | Killed an elephant
  5472 | D:7      | Reached skill level 5 in Fighting
  5475 | D:7      | Reached *** piety under Okawaru
  5740 | D:7      | Found a shimmering blue altar of Sif Muna.
  5789 | D:8      | Found a blossoming altar of Fedhas.
  5973 | D:8      | Noticed a two-headed ogre
  5976 | D:8      | Noticed a two-headed ogre
  5987 | D:8      | Killed a two-headed ogre
  5987 | D:8      | Reached **** piety under Okawaru
  6003 | D:8      | Killed a two-headed ogre
  6004 | D:8      | Reached XP level 11. HP: 64/81 MP: 11/11
  6388 | D:8      | Reached ***** piety under Okawaru
  6588 | D:9      | Mangled by a yaktaur
  6589 | D:9      | Reached XP level 10. HP: 0/77 MP: 8/10
  6622 | D:9      | HP: 2/77 [yaktaur (8)]
  6623 | D:9      | Shot with a bolt by a yaktaur
  6624 | D:9      | Reached XP level 9. HP: -4/71 MP: 9/9
  6640 | D:9      | Killed a yaktaur
  6655 | D:9      | Killed a yaktaur
  6672 | D:9      | Reached skill level 1 in Invocations
  6688 | D:9      | Reached XP level 10. HP: 12/79 MP: 9/11
  6741 | D:9      | Noticed Prince Ribbit
  6796 | D:9      | Killed Prince Ribbit
  7468 | D:10     | Entered Level 10 of the Dungeon
  7558 | D:10     | Received a gift from Okawaru
  7576 | D:10     | Noticed Erica
  7587 | D:10     | Killed Erica
  7683 | D:10     | Reached ****** piety under Okawaru
  7721 | D:10     | Noticed a purple ugly thing
  7735 | D:10     | Killed a purple ugly thing
  8004 | D:10     | Noticed a two-headed ogre
  8011 | D:10     | Killed a two-headed ogre
  8011 | D:10     | Reached skill level 10 in Staves
  8194 | D:10     | Received a gift from Okawaru
  8197 | D:10     | Got a twisted broad axe {god gift}
  8198 | D:10     | Identified the +0 broad axe of Crawling {chop, *Corrode rF+
                  | Str+10} (Okawaru gifted it to you on level 10 of the
                  | Dungeon)
  8250 | D:10     | Reached skill level 5 in Invocations
  8331 | D:10     | Found Enotoik's Weapon Shop.
  8537 | Lair:1   | Entered Level 1 of the Lair of Beasts
  8559 | Lair:1   | Reached XP level 11. HP: 27/84 MP: 13/15
  9214 | Lair:1   | Reached skill level 5 in Dodging
  9748 | Lair:2   | Received a gift from Okawaru
  9828 | Lair:2   | Got a scorched hand crossbow
  9881 | Lair:2   | Noticed a five-headed hydra
  9889 | Lair:2   | Killed a five-headed hydra
  9890 | Lair:2   | Identified the +6 hand crossbow "Qokuniah" {penet, rN+}
                  | (You found it on level 2 of the Lair of Beasts)
 10070 | Lair:2   | Found a runed door.
 10103 | Lair:2   | Noticed a lindwurm
 10110 | Lair:2   | Killed a lindwurm
 10254 | Lair:2   | Noticed Nergalle
 10263 | Lair:2   | Noticed a spectral orc warlord
 10263 | Lair:2   | Killed Nergalle
 10449 | Lair:2   | Noticed Fannar
 10465 | Lair:2   | Killed Fannar
 10465 | Lair:2   | Received a gift from Okawaru
 10465 | Lair:2   | Reached XP level 12. HP: 59/91 MP: 18/18
 10473 | Lair:2   | Got a smoking lajatang {god gift}
 10478 | Lair:2   | Identified the +9 lajatang "Ilocinea" {venom, Int+4 Dex+4}
                  | (Okawaru gifted it to you on level 2 of the Lair of Beasts)
 11087 | Lair:2   | Noticed a dire elephant
 11094 | Lair:2   | Killed a dire elephant
 11422 | Lair:3   | Received a gift from Okawaru
 11565 | Lair:3   | Found a staircase to the Shoals.
 11737 | Lair:3   | Noticed a death yak
 11738 | Lair:3   | Noticed a death yak
 11739 | Lair:3   | Noticed a death yak
 11744 | Lair:3   | Killed a death yak
 11748 | Lair:3   | Killed a death yak
 11752 | Lair:3   | Killed a death yak
 11801 | Lair:3   | Received a gift from Okawaru
 11830 | Lair:3   | Reached XP level 13. HP: 96/96 MP: 19/19
 12182 | Lair:3   | Found a staircase to the Snake Pit.
 12699 | Lair:4   | Received a gift from Okawaru
 13956 | Lair:5   | Found a viscous altar of Jiyva.
 13956 | Lair:5   | Found a staircase to the Slime Pits.
 13956 | Lair:5   | Found a viscous altar of Jiyva.
 14188 | Lair:5   | Received a gift from Okawaru
 14195 | Lair:5   | Got a buzzing broad axe {god gift}
 14907 | Lair:6   | Entered Level 6 of the Lair of Beasts
 14928 | Lair:6   | Reached skill level 10 in Dodging
 14928 | Lair:6   | Reached XP level 14. HP: 103/103 MP: 20/20
 15202 | Lair:6   | Received a gift from Okawaru
 17065 | D:11     | Identified a scroll of acquirement
 17096 | D:11     | Received a gift from Okawaru
 17178 | D:11     | Found a flagged portal.
 17188 | Bailey   | Entered a bailey
 17453 | Bailey   | Found the +8 Wrath of Trog {antimagic, *Rage}
 18018 | D:11     | Got a bloodstained rapier
 18058 | D:11     | Found a staircase to the Orcish Mines.
 18669 | D:12     | Entered Level 12 of the Dungeon
 18926 | D:12     | Found a staircase to the Depths.
 19159 | D:12     | Reached XP level 15. HP: 108/108 MP: 21/21
 19227 | D:12     | Noticed Nessos
 19231 | D:12     | Killed Nessos
 19315 | D:12     | Reached skill level 15 in Staves
 19328 | D:12     | Received a gift from Okawaru
 19669 | D:12     | Got a slimy plate armour
 19671 | D:12     | Found a gate to the Vaults.
 20131 | Orc      | Entered the Orcish Mines
 20479 | Orc      | Noticed an orc warlord
 20480 | Orc      | Found Jez Tyzu's Jewellery Shop.
 20503 | Orc      | Killed an orc warlord
 20516 | Orc      | Received a gift from Okawaru
 20694 | Orc      | Identified the cursed +1 plate armour of Conscience {rN+
                  | Int-5 Dex+6} (You found it on level 12 of the Dungeon)
 20853 | Orc      | Found Quelig's Antique Armour Emporium.
 20986 | Orc      | Found Woczu Biti's Antique Weapon Shoppe.
 20993 | Orc      | Found a staircase to the Elven Halls.
 20993 | Orc      | Noticed an orc warlord
 21017 | Orc      | Killed an orc warlord
 21385 | Orc      | Found Zoxtodgh's General Store.
 21823 | Elf:1    | Entered Level 1 of the Elven Halls
 21940 | Elf:1    | Reached skill level 15 in Armour
 22456 | Snake:1  | Entered Level 1 of the Snake Pit
 22899 | Snake:1  | Received a gift from Okawaru
 22903 | Snake:1  | Got an ancient chain mail {god gift}
 22914 | Snake:1  | Identified the +0 chain mail of Ceiwunar {rPois rCorr Int+5
                  | Dex+3 Stlth-} (Okawaru gifted it to you on level 1 of the
                  | Snake Pit)
 23405 | Snake:1  | Found Lotuf's Antique Armour Shoppe.
 23409 | Snake:1  | Reached XP level 16. HP: 113/115 MP: 22/22
 23416 | Snake:1  | Bought a pair of brightly glowing boots for 285 gold pieces
 23426 | Snake:1  | Identified the cursed +0 pair of boots of Context {rElec
                  | rPois rF+} (You bought it in a shop on level 1 of the Snake
                  | Pit)
 25091 | Snake:2  | Noticed Aizul
 25106 | Snake:2  | Killed Aizul
 25106 | Snake:2  | Received a gift from Okawaru
 25114 | Snake:2  | Got a sapphire quarterstaff {god gift}
 25115 | Snake:2  | Identified the +1 quarterstaff "Terot" {flame, rPois rF++
                  | rC++} (Okawaru gifted it to you on level 2 of the Snake
                  | Pit)
 25577 | Snake:2  | Got a heavily runed scale mail
 25601 | Snake:2  | Identified the +5 scale mail of Odoydob {rF++ MR- Str+3}
                  | (You found it on level 2 of the Snake Pit)
 25929 | Snake:3  | Entered Level 3 of the Snake Pit
 26611 | Snake:3  | Noticed Jorgrun
 26919 | Snake:3  | Received a gift from Okawaru
 27153 | Snake:3  | Killed Jorgrun
 27841 | Snake:3  | Gained mutation: A demonic guardian rushes to your aid.
                  | [demonic ancestry]
 27841 | Snake:3  | Reached XP level 17. HP: 117/120 MP: 23/23
 27890 | Snake:3  | Received a gift from Okawaru
 27892 | Snake:3  | Got a transparent crystal plate armour {god gift}
 27917 | Snake:3  | HP: 5/120 [salamander/+4 trident (5)]
 27917 | Snake:3  | HP: 1/120 [salamander/+4 trident (4)]
 27923 | Snake:2  | HP: 1/120 [naga ritualist/lance of force (16)]
 27924 | Snake:2  | Succumbed to a naga ritualist's toxic radiance

Skill      XL: |  1  2  3  4  5  6  7  8  9 10 11 12 13 14 15 16 17 |
---------------+----------------------------------------------------+-----
Staves         | 3 4 6 7 10 11 12 13 14 16 | 16.0
Armour         | 1 2 3 4 5 7 8 10 11 12 13 14 15 16 | 16.9
Fighting       | 7 6 |  7.2
Invocations    | 1 5 8 9 |  9.2
Dodging        | 4 6 8 10 11 12 13 14 | 14.2
Throwing       | |  1.7

Action                   |  1- 3 |  4- 6 |  7- 9 | 10-12 | 13-15 | 16-18 || total
-------------------------+-------+-------+-------+-------+-------+-------++-------
Melee: Quarterstaff      |    65 |    60 |   184 |   344 |    13 |       ||   666
       Kick              |       |       |    29 |    73 |       |       ||   102
       Lajatang          |       |       |       |   189 |   925 |   479 ||  1593
Invok: Heroism           |       |       |       |     5 |     5 |     7 ||    17
       Finesse           |       |       |       |     1 |     5 |     4 ||    10
  Use: Scroll            |       |     5 |     1 |       |    16 |     3 ||    25
       Potion            |       |     3 |       |     2 |       |     2 ||     7
 Stab: Distracted        |       |     2 |       |     3 |    10 |     7 ||    22
  Eat: Chunk             |     2 |     3 |     6 |    17 |    35 |     7 ||    70
       Ration            |       |       |     1 |     1 |     1 |     2 ||     5
Armor: Scale mail        |    27 |    50 |    86 |   206 |   103 |       ||   472
       Crystal plate arm |       |       |       |       |   333 |   285 ||   618
Dodge: Dodged            |    31 |    44 |    96 |   276 |   450 |   202 ||  1099
Block: Other             |       |       |       |       |     3 |    49 ||    52
       Reflection        |       |       |       |       |       |     9 ||     9
